 Dungeon Crawl Stone Soup version 0.27.1 (webtiles) character file.

Game seed: 15188305986115096937

11230 bnorton916 the Nimble (level 11, -3/59 HPs)
             Began as a Deep Elf Conjurer on Aug 23, 2021.
             Was an Initiate of Gozag.
             Hit by a silver javelin thrown by a minotaur (31 damage)
             ... in a Gauntlet.
             The game lasted 00:30:00 (12932 turns).

bnorton916 the Nimble (Deep Elf Conjurer)          Turns: 12932, Time: 00:30:02

Health: -3/59      AC: 10    Str: 15    XL:     11   Next: 46%
Magic:  19/31      EV: 18    Int: 34    God:    Gozag
Gold:   614        SH:  5    Dex: 14    Spells: 0/22 levels left

rFire    . . .     SeeInvis .   h - +0 short sword (venom)
rCold    . . .     Faith    .   (no shield)
rNeg     + . .     Spirit   .   G - +2 robe {rN+}
rPois    .         Reflect  +   I - +2 hat
rElec    .         Harm     .   x - +0 cloak
rCorr    +         Rampage  .   k - +0 pair of gloves
Will     +....     NoTele   +   K - +1 pair of boots
Stlth    +++.......             u - amulet "Egig" {Reflect Str+6 SH+5}
HPRegen  0.19/turn              m - ring of Xeor {Contam rCorr Str+5 Int+4}
MPRegen  0.22/turn              c - ring of Nuhuh Hafa {MP+9 Int+4 Stlth+}

@: very slightly contaminated
A: robust 1
a: Renounce Religion, Potion Petition, Call Merchant, Bribe Branch


You were in a Gauntlet.
You worshipped Gozag.
Gozag was pleased with you.
You visited 2 branches of the dungeon, and saw 9 of its levels.
You also visited: Ossuary and Gauntlet.

You collected 1833 gold pieces.
You spent 383 gold pieces at shops.
You paid 836 gold pieces to Gozag.

Inventory:

Hand Weapons
 h - a +0 short sword of venom (weapon)
 j - a +0 short sword of speed
 D - a +2 short sword of flaming
Missiles
 i - 2 throwing nets
 y - 224 stones
Armour
 k - a +0 pair of gloves (worn)
 p - a scarf of invisibility
 x - a +0 cloak (worn)
 G - a +2 robe of positive energy (worn)
 I - a +2 hat (worn)
 K - a +1 pair of boots (worn)
Magical Staves
 a - a staff of poison
Jewellery
 b - a ring of protection from cold
 c - the ring of Nuhuh Hafa (right hand) {MP+9 Int+4 Stlth+}
   (You found it on level 7 of the Dungeon)

   [ring of magical power]

   Int:       It affects your intelligence (+4).
   MP:        It affects your magic capacity (+9).
   Stlth:     It makes you more stealthy.
 d - an amulet of regeneration
 m - the ring of Xeor (left hand) {Contam rCorr Str+5 Int+4}
   (You acquired it on level 5 of the Dungeon)

   [ring of resist corrosion]

   Str:       It affects your strength (+5).
   Int:       It affects your intelligence (+4).
   Contam:    It causes magical contamination when unequipped.
   rCorr:     It protects you from acid and corrosion.
 n - an amulet of magic regeneration
 u - the amulet "Egig" (around neck) {Reflect Str+6 SH+5}
   (You took it off a gnoll on level 5 of the Dungeon)

   [amulet of reflection]

   It reflects blocked missile attacks.
   Str:       It affects your strength (+6).
   SH:        It affects your SH (+5).
Wands
 o - a wand of flame (67)
 q - a wand of polymorph (4)
 r - a wand of digging (4)
Scrolls
 s - a scroll of enchant weapon
 A - 4 scrolls of silence
 B - 8 scrolls of teleportation
 H - a scroll of enchant armour
 J - a scroll of identify
Potions
 e - 5 potions of curing
 f - a potion of ambrosia
 g - 2 potions of might
 l - a potion of flight
 v - a potion of lignification
 w - 3 potions of mutation
 C - a potion of cancellation
 E - a potion of resistance
 F - a potion of heal wounds


   Skills:
 + Level 4.0 Armour
 - Level 13.3 Dodging
 - Level 2.4 Stealth
 - Level 6.2 Spellcasting
 + Level 8.5 Conjurations
 - Level 7.3 Hexes
 - Level 6.0 Translocations
 - Level 5.1 Air Magic
 - Level 5.6 Poison Magic


You couldn't memorise any spells.
You knew the following spells:

 Your Spells              Type           Power      Damage    Failure   Level
a - Magic Dart            Conj           100%       1d8       1%          1
b - Searing Ray           Conj           100%       3d7       1%          2
c - Fulminant Prism       Conj/Hex       29%        3d14      1%          4
d - Iskenderun's Mystic   Conj/Tloc      57%        2d12      1%          4
e - Mephitic Cloud        Conj/Pois/Air  53%        N/A       1%          3
f - Olgreb's Toxic Radia  Pois           49%        N/A       3%          4
g - Poisonous Vapours     Pois/Air       94%        N/A       1%          2
h - Call Imp              Summ           10%        N/A       6%          2

Your spell library contained the following spells:

 Spells                   Type           Power      Damage    Failure   Level
 Sting                    Tmut/Pois      100%       1d8       1%          1
 Dazzling Flash           Conj/Hex       100%       N/A       1%          3
 Portal Projectile        Hex/Tloc       100%       N/A       1%          3
 Stone Arrow              Conj/Erth      78%        3d11      1%          3
 Leda's Liquefaction      Hex/Erth       17%        N/A       9%          4
 Call Canine Familiar     Summ           10%        N/A       12%         3
 Irradiate                Conj/Tmut      19%        3d19      19%         5
 Animate Armour           Summ/Erth      20%        N/A       36%         4
 Blade Hands              Tmut           5%         N/A       73%         5
 Dragon Form              Tmut           5%         N/A       100%        7
 Lehudib's Crystal Spear  Conj/Erth      19%        10d6      100%        8
 Chain Lightning          Conj/Air       27%        3d36      100%        9
 Fire Storm               Conj/Fire      19%        8d5       100%        9


Dungeon Overview and Level Annotations

Branches:
Dungeon (8/15)             Temple (0/1) D:7            Lair (1/6) D:8
Ossuary (visited)         Gauntlet (1/1)

Altars:
Ashenzari
Elyvilon
Gozag
Hepliaklqana
Kikubaaqudgha
Qazlal
Ru
Sif Muna
Xom
Zin
The Shining One

Shops:
D:5 =   D:6 *   D:7 *   Lair:1 *

Annotations:
Gauntlet 7 transporters, 1 runed translucent door


Innate Abilities, Weirdness & Mutations

You are robust. (+10% HP)


Message History

Unknown command.
Unknown command.
Casting: Call Imp (safe; 6% risk of failure)
Confirm with . or Enter, or press ? or * to list all spells.
Aiming: Poisonous Vapours (safe; 1% risk of failure)
Press: ? - help, Dir - move target, f - minotaur
Aim: a minotaur, wielding a +2 dire flail of protection, wearing a +0 plate armour and quivering silver javelins (ally target)
You miscast Poisonous Vapours.
You are very lightly contaminated with residual magic.
Nothing appears to happen.
The minotaur hits your crimson imp with a +2 dire flail of protection!
Your crimson imp dies!
Casting: Poisonous Vapours (safe; 1% risk of failure)
Confirm with . or Enter, or press ? or * to list all spells.
Aiming: Poisonous Vapours (safe; 1% risk of failure)
Press: ? - help, Dir - move target, f/p - minotaur
Aim: a minotaur, wielding a +2 dire flail of protection, wearing a +0 plate armour and quivering silver javelins (ally target) Poisonous vapours surround the minotaur!
The minotaur is poisoned.
Your white imp disappears in a puff of smoke!
The minotaur throws a silver javelin.
The silver javelin completely misses you.
Casting: Poisonous Vapours (safe; 1% risk of failure)
Confirm with . or Enter, or press ? or * to list all spells.
Aiming: Poisonous Vapours (safe; 1% risk of failure)
Press: ? - help, Dir - move target, f/p - minotaur
Aim: a minotaur, wielding a +2 dire flail of protection, wearing a +0 plate armour and quivering silver javelins (very poisoned, ally target) Poisonous vapours surround the minotaur!
The minotaur looks as sick as possible!
The minotaur throws a silver javelin.
The silver javelin pierces through your crimson imp!
Your crimson imp dies!
The silver javelin misses you.
You swap places.
The minotaur throws a silver javelin.
The silver javelin pierces through your white imp!
Your white imp dies!
The silver javelin pierces through you!!
Ouch! That really hurt!
You die...
Your body crumbles into a pile of gold.

≈≈#≈≈≈#...8⌠8..8∩8..8⌠8...#≈≈≈#≈≈
≈###≈###.................###≈###≈
## ### ################### ### ##
#≈...............≈##
#≈≈..8©8©8©8©8©8..≈≈#
##≈...............≈##
###.##.##.##.##.###
##.##.##.##.##.##
#.......@.......#
#.##.##.##.##.###
#.##.##.##.##.###
#......H........#
###.##.#'###.##.# #. #.#.# #.# .#
#......#.# ... # ##.##.##.# .##.
#. #. #∩#


You could see a minotaur (extremely poisoned).

Vanquished Creatures
  A two-headed ogre (D:7)
  Pikel (D:5)
  A necromancer (Gauntlet)
  A manticore (D:7)
  A moth of wrath (Gauntlet)
  2 black mambas (Lair:1)
  A cane toad (Lair:1)
  3 trolls (D:7)
  Grinder (D:4)
  Prince Ribbit (D:7)
  2 wyverns (D:7)
  A basilisk (D:8)
  11 yaks
  A vampire mosquito (D:7)
  A steam dragon (D:7)
  2 wargs (D:8)
  An acid dragon (D:7)
  A water moccasin (D:5)
  2 ice beasts
  An orc warrior (D:8)
  3 sky beasts
  The ghost of RatsInWalls the Chopper, an amateur HOMo (D:3)
  2 black bears (D:6)
  3 ogres
  15 wolves
  3 centaurs
  A lemure (D:5)
  An elf zombie (Ossuary)
  3 gnoll sergeants (D:5)
  A scorpion (D:5)
  9 wights
  5 howler monkeys
  A bullfrog zombie (D:6)
  A human zombie (Ossuary)
  3 orc priests
  6 hounds
  A centaur zombie (D:7)
  Crazy Yiuf (D:5)
  A gnoll shaman (D:5)
  Ijyb (D:4)
  3 iguanas
  3 orc wizards
  3 hound zombies (Ossuary)
  4 mummies (Ossuary)
  5 adders
  23 gnolls
  3 shadow imps
  2 white imps
  A worm (D:3)
  4 dart slugs
  26 orcs
  8 ball pythons
  2 bats
  4 endoplasms
  3 giant cockroaches
  11 goblins
  5 hobgoblins
  9 jackals
  13 kobolds
  5 quokkas
  4 frilled lizards
  2 goblin zombies (Ossuary)
  2 hobgoblin zombies (Ossuary)
  2 jackal zombies
  A kobold zombie (Ossuary)
  4 rats
  A rat zombie (Ossuary)
251 creatures vanquished.

Vanquished Creatures (others)
  17 fulminant prisms
  2 fungi (Lair:1)
  9 plants
28 creatures vanquished.

Grand Total: 279 creatures vanquished

Notes
Turn   | Place    | Note
-------+----------+-------------------------------------------
     0 | D:1      | bnorton916 the Deep Elf Conjurer began the quest for the
                  | Orb.
     0 | D:1      | Reached XP level 1. HP: 10/10 MP: 6/6
   265 | D:1      | Reached XP level 2. HP: 15/15 MP: 4/8
   673 | D:1      | Found a faded altar of an unknown god.
   787 | D:1      | Reached skill level 5 in Conjurations
   787 | D:1      | Reached XP level 3. HP: 19/19 MP: 8/10
   790 | D:1      | Learned a level 2 spell: Searing Ray
  1369 | D:2      | Reached XP level 4. HP: 24/24 MP: 9/12
  1893 | D:3      | Found a glowing silver altar of Zin.
  1980 | D:3      | Reached skill level 5 in Spellcasting
  2458 | D:3      | Learned a level 4 spell: Fulminant Prism
  2463 | D:3      | Learned a level 4 spell: Iskenderun's Mystic Blast
  2487 | D:3      | Reached XP level 5. HP: 28/28 MP: 9/15
  2690 | D:3      | Found a hazy altar of Hepliaklqana.
  2693 | D:3      | Found a shimmering blue altar of Sif Muna.
  2693 | D:3      | Found an ancient bone altar of Kikubaaqudgha.
  3042 | D:3      | Found a runed translucent gate.
  3043 | D:3      | Found a runed translucent gate.
  3044 | D:3      | Found a runed translucent gate.
  3045 | D:3      | Found an opulent altar of Gozag.
  3047 | D:3      | Noticed RatsInWalls's ghost (amateur HOMo)
  3098 | D:3      | Killed RatsInWalls's ghost
  3141 | D:3      | Became a worshipper of Gozag Ym Sagoz the Greedy
  3249 | D:4      | Found a sacrificial altar of Ru.
  3276 | D:4      | Reached XP level 6. HP: 32/32 MP: 10/17
  3536 | D:4      | Reached skill level 1 in Hexes
  3626 | D:4      | Noticed Grinder
  3627 | D:4      | Paralysed by Grinder for 4 turns
  3639 | D:4      | Killed Grinder
  3964 | D:4      | Noticed Ijyb
  3969 | D:4      | Killed Ijyb
  3970 | D:4      | Reached XP level 7. HP: 36/36 MP: 11/18
  4054 | D:4      | Noticed a yak
  4055 | D:4      | Noticed a yak
  4058 | D:4      | Noticed a yak
  4059 | D:4      | Noticed a yak
  4064 | D:4      | Noticed a yak
  4065 | D:4      | Killed a yak
  4067 | D:4      | Killed a yak
  4068 | D:4      | Reached skill level 5 in Hexes
  4069 | D:4      | Killed a yak
  4070 | D:4      | Reached skill level 5 in Translocations
  4070 | D:4      | Killed a yak
  4071 | D:4      | Reached XP level 8. HP: 4/41 MP: 9/19
  4533 | D:4      | Learned a level 3 spell: Mephitic Cloud
  4643 | D:5      | Entered Level 5 of the Dungeon
  4649 | D:5      | Reached skill level 3 in Dodging
  4871 | D:5      | Reached skill level 4 in Dodging
  4891 | D:5      | Identified a scroll of acquirement
  4891 | D:5      | Acquired the ring of Xeor {Contam rCorr Str+5 Int+4}
  5018 | D:5      | Found Nentaoce's Jewellery Shop.
  5058 | D:5      | Found a broken altar of Ashenzari.
  5126 | D:5      | Reached skill level 5 in Dodging
  5170 | D:5      | Reached skill level 6 in Dodging
  5212 | D:5      | Reached skill level 7 in Dodging
  5550 | D:5      | Reached skill level 8 in Dodging
  5550 | D:5      | Reached XP level 9. HP: 43/45 MP: 11/20
  5597 | D:4      | Reached skill level 9 in Dodging
  5684 | D:5      | Reached skill level 10 in Dodging
  6128 | D:5      | Noticed Pikel
  6135 | D:5      | Killed Pikel
  6136 | D:5      | Reached skill level 11 in Dodging
  6162 | D:5      | Identified the amulet "Egig" {Reflect Str+6 SH+5}
  6302 | D:5      | Reached skill level 12 in Dodging
  6452 | D:5      | Found a glowing golden altar of the Shining One.
  6958 | D:5      | Found a runed translucent door.
  6959 | D:5      | Noticed Crazy Yiuf
  7074 | D:5      | Killed Crazy Yiuf
  7075 | D:5      | Reached XP level 10. HP: 50/50 MP: 17/21
  7135 | D:6      | Found a sand-covered staircase.
  7154 | Ossuary  | Entered an ossuary
  7169 | Ossuary  | Gained mutation: You are clumsy. (Dex -2) [potion of
                  | mutation]
  7169 | Ossuary  | Gained mutation: You are robust. (+10% HP) [potion of
                  | mutation]
  7169 | Ossuary  | Lost mutation: You are clumsy. (Dex -2) [potion of
                  | mutation]
  7788 | D:6      | Reached skill level 13 in Dodging
  7909 | D:6      | Found a stormy altar of Qazlal.
  8055 | D:6      | Found Buvuehiu's General Store.
  8078 | D:6      | Learned a level 4 spell: Olgreb's Toxic Radiance
  8090 | D:6      | Bought a potion of curing for 42 gold pieces
  8090 | D:6      | Bought a scroll of identify for 28 gold pieces
  8090 | D:6      | Bought a scroll of identify for 28 gold pieces
  8228 | D:6      | Found a white marble altar of Elyvilon.
  8542 | D:7      | Found a staircase to the Ecumenical Temple.
  8550 | D:7      | Reached skill level 1 in Air Magic
  8550 | D:7      | Reached skill level 1 in Poison Magic
  8551 | D:7      | Noticed Prince Ribbit
  8561 | D:7      | Killed Prince Ribbit
  9072 | D:7      | Found Avvaxat's General Store.
  9082 | D:7      | Bought a potion of heal wounds for 60 gold pieces
  9082 | D:7      | Bought a scroll of teleportation for 36 gold pieces
  9082 | D:7      | Bought a scroll of identify for 24 gold pieces
  9163 | D:7      | Noticed a two-headed ogre
  9164 | D:7      | Noticed a manticore
  9172 | D:7      | Killed a manticore
  9684 | D:7      | Killed a two-headed ogre
  9685 | D:7      | Reached skill level 5 in Poison Magic
  9747 | D:7      | Reached skill level 5 in Air Magic
 10042 | D:7      | Identified the ring of Nuhuh Hafa {MP+9 Int+4 Stlth+}
 10352 | D:7      | Found a shimmering altar of Xom.
 11029 | D:8      | Reached XP level 11. HP: 59/59 MP: 22/22
 11045 | D:8      | Reached skill level 1 in Armour
 11158 | D:8      | Found a staircase to the Lair.
 11783 | Lair:1   | Entered Level 1 of the Lair of Beasts
 12009 | Lair:1   | Bought a dyed leather armour for 165 gold pieces
 12287 | Lair:1   | Found a gate leading to a gauntlet.
 12296 | Gauntlet | Entered a Gauntlet
 12296 | Gauntlet | Found a transporter.
 12304 | Gauntlet | Found a transporter.
 12308 | Gauntlet | Found a transporter.
 12312 | Gauntlet | Noticed a necromancer
 12320 | Gauntlet | Found a transporter.
 12322 | Gauntlet | Noticed a death yak
 12322 | Gauntlet | Noticed a death yak
 12323 | Gauntlet | Noticed a death yak
 12324 | Gauntlet | Found a runed translucent door.
 12324 | Gauntlet | Found a runed translucent door.
 12324 | Gauntlet | Noticed a death yak
 12325 | Gauntlet | Noticed a death yak
 12326 | Gauntlet | Noticed a death yak
 12328 | Gauntlet | Found a transporter.
 12328 | Gauntlet | Noticed a necromancer
 12332 | Gauntlet | Found a transporter.
 12334 | Gauntlet | Noticed a death scarab
 12340 | Gauntlet | Found a transporter.
 12341 | Gauntlet | Noticed a death scarab
 12344 | Gauntlet | Found a transporter.
 12350 | Gauntlet | Noticed a dire elephant
 12352 | Gauntlet | Found a transporter.
 12373 | Gauntlet | Found a transporter.
 12385 | Gauntlet | Found a transporter.
 12397 | Gauntlet | Found a transporter.
 12400 | Gauntlet | Found a transporter.
 12417 | Gauntlet | Found a transporter.
 12472 | Gauntlet | Killed a necromancer
 12919 | Gauntlet | Learned a level 2 spell: Poisonous Vapours
 12922 | Gauntlet | Learned a level 2 spell: Call Imp
 12925 | Gauntlet | Noticed a minotaur
 12932 | Gauntlet | Hit by a silver javelin thrown by a minotaur

Illustrated notes

Levels and vault maps discovered:
D:1:      onia_arrival_mini_spirals, layout_rooms,
          shapermc_ecumenical_altar_starsandcircs,
          chequers_serial_rivers_small_a, ebering_dispersal_statue_hall,
          dk_noncrumbling_3, minmay_misc_feat_alley, hex_large
D:2:      layout_rooms
D:3:      layout_basic, grunt_temple_overflow_open,
          mainiacjoe_overflow_concentric_impassable, serial_glass,
          glass_columns_a, glass_columns_b, ebering_ghost_gozag,
          kennysheep_generic_room_12
D:4:      wander_river, layout_loops_ring, hangedman_ru_absence, uniq_grinder,
          uniq_ijyb
D:5:      layout_cave_pools, marbit_many_paths, tso_altar, serial_gnoll_camp,
          gnoll_camp_mini_house, gnoll_camp_mini_loothouse,
          gnoll_camp_mini_doghouse, gnoll_camp_medium_02,
          gnoll_camp_mini_sergeant, serial_shops, nicolae_shop_statue_plus,
          uniq_pikel, uniq_crazy_yiuf_cottage
D:6:      layout_basic, mainiacjoe_overflow_catwalk, grunt_qazlal_clouds,
          nicolae_ossuary_entry_ruins, serial_shops, shop, minmay_hedge_maze,
          skrybe_limestone_x
D:7:      minmay_blocky_corners, layout_cave_pools,
          nicolae_overflow_crystal_walls, minmay_temple_entry_purple_smoke,
          serial_shops, shop, chequers_serial_rivers_marsh, uniq_prince_ribbit1
D:8:      layout_loops_ring, erik_lair_orcish_takeover
Lair:1:   layout_roguey, gauntlet_entry_generic, st_stairs_11,
          lemuel_old_faithful
Gauntlet: gammafunk_gauntlet_77_escape_option [minmay_gauntlet_arena_77_museum,
          minmay_gauntlet_arena_77_radiant_squares,
          minmay_gauntlet_arena_77_shame_cube, minmay_gauntlet_arena_77_mess,
          minmay_gauntlet_arena_77_two_lines, gauntlet_exit_green]

Skill      XL: |  1  2  3  4  5  6  7  8  9 10 11 |
---------------+----------------------------------+-----
Spellcasting   | 4 5 6 |  6.2
Conjurations   | 5 6 8 |  8.5
Hexes          | 3 6 7 |  7.3
Translocations | 3 5 6 |  6.0
Dodging        | 8 12 13 | 13.3
Air Magic      | 5 |  5.1
Poison Magic   | 5 |  5.6
Armour         | 4 |  4.0
Stealth        | |  2.4

Action                   |  1- 3 |  4- 6 |  7- 9 | 10-12 || total
-------------------------+-------+-------+-------+-------++-------
Melee: Short sword       |       |     2 |       |    50 ||    52
 Cast: Magic Dart        |    58 |    76 |    50 |    48 ||   232
       Searing Ray       |     1 |    14 |    40 |    49 ||   104
       Iskenderun's Myst |       |     3 |    10 |    48 ||    61
       Fulminant Prism   |       |       |     5 |    12 ||    17
       Mephitic Cloud    |       |       |     3 |     2 ||     5
       Call Imp          |       |       |       |     4 ||     4
       Poisonous Vapours |       |       |       |     2 ||     2
Invok: Call Merchant     |       |       |       |     1 ||     1
  Use: Scroll            |       |     1 |     3 |    11 ||    15
       Potion            |       |     1 |       |     5 ||     6
Armor: Robe              |       |    21 |    13 |    22 ||    56
       Skin              |       |       |       |    21 ||    21
Dodge: Dodged            |       |    20 |    46 |    98 ||   164
Block: Other             |       |       |       |    24 ||    24
